[Event "New York Winter Invitational IM-C 2022"]
[Site "New York"]
[Date "2022.01.15"]
[Round "4.2"]
[White "Nakada, Akira"]
[Black "Eckert, Doug"]
[Result "1-0"]
[ECO "A13"]
[WhiteElo "2249"]
[BlackElo "2206"]
[Annotator "ChessBase"]
[PlyCount "75"]
[EventDate "2022.01.11"]
[EventType "tourn"]
[EventCountry "USA"]
[SourceTitle "playchess.com"]
[Source "ChessBase"]
[SourceQuality "1"]
[TimeControl "5400+30"]

1. c4 e6 2. Nc3 d5 3. e3 Nf6 4. Nf3 Be7 5. b3 O-O 6. Bb2 c5 7. cxd5 exd5 8. d4 Nc6 9. Bb5 Bg4 10. Bxc6 bxc6 11. dxc5 Bxc5 12. O-O Rc8 13. Rc1 Bd6 14. Ne2 Re8 15. Nf4 Ne4 16. h3 Bxf3 17. Qxf3 Qh4 18. Rfd1 Ng5 19. Qh5 Qxh5 20. Nxh5 Bf8 21. Rd4 Red8 22. Ra4 c5 23. Rxa7 c4 24. Ra4 cxb3 25. Rxc8 Rxc8 26. axb3 Rc2 27. Bd4 Rc1+ 28. Kh2 Rb1 29. Ra8 f6 30. Bc5 Ne6 31. Bxf8 Nxf8 32. Nf4 Kf7 33. Nxd5 Rxb3 34. Ra7+ Kg6 35. Ne7+ Kg5 36. f4+ Kh6 37. g4 Ng6 38. Nf5# 1-0

[Event "New York Winter Invitational IM-C 2022"]
[Site "New York"]
[Date "2022.01.15"]
[Round "4.4"]
[White "Uyanga, Byambaa"]
[Black "Griffith, Kyron"]
[Result "0-1"]
[ECO "B57"]
[WhiteElo "2063"]
[BlackElo "2345"]
[Annotator "ChessBase"]
[PlyCount "104"]
[EventDate "2022.01.11"]
[EventType "tourn"]
[EventCountry "USA"]
[SourceTitle "playchess.com"]
[Source "ChessBase"]
[SourceQuality "1"]
[TimeControl "5400+30"]

1. e4 c5 2. Nf3 d6 3. d4 cxd4 4. Nxd4 Nf6 5. Nc3 Nc6 6. Bc4 Qb6 7. Nb3 e6 8. Be3 Qc7 9. f4 a6 10. a4 b6 11. Qe2 Bb7 12. O-O Nb4 13. Bd3 Be7 14. h3 O-O 15. Qf2 Nd7 16. Ne2 d5 17. Ng3 dxe4 18. Nxe4 Rac8 19. Rac1 Bd5 20. Nd4 Qb7 21. Nc3 Nxd3 22. cxd3 Nc5 23. Rcd1 Bf6 24. g4 Rfd8 25. Nde2 Bb3 26. Rd2 Nxd3 27. Qf3 Qxf3 28. Rxf3 Nc5 29. Rxd8+ Bxd8 30. Nd4 Bc4 31. Rf2 h6 32. Nf3 Bf6 33. Ne5 Bxe5 34. fxe5 Nd3 35. Rc2 Bb3 36. Rd2 Nxe5 37. Kf2 Nc4 38. Rd7 Nxb2 39. Ne4 Bxa4 40. Ra7 Bc6 41. Nd6 Rd8 42. Nxf7 Rf8 43. Rxa6 Rxf7+ 44. Ke1 Bb5 45. Ra8+ Rf8 46. Rxf8+ Kxf8 47. Bxb6 Nc4 48. Bd4 e5 49. Bc5+ Kf7 50. Kf2 g6 51. Kg3 Ke6 52. h4 h5 0-1

[Event "New York Winter Invitational IM-C 2022"]
[Site "New York"]
[Date "2022.01.15"]
[Round "4.5"]
[White "Paciorkowski, Lev"]
[Black "Zeltsan, Joseph"]
[Result "1-0"]
[ECO "B50"]
[WhiteElo "2335"]
[BlackElo "2325"]
[Annotator "ChessBase"]
[PlyCount "61"]
[EventDate "2022.01.11"]
[EventType "tourn"]
[EventCountry "USA"]
[SourceTitle "playchess.com"]
[Source "ChessBase"]
[SourceQuality "1"]
[TimeControl "5400+30"]

1. e4 c5 2. Nf3 d6 3. Nc3 Nf6 4. h3 a6 5. a4 e5 6. Bc4 Be7 7. d3 Nc6 8. Bg5 Rb8 9. Bxf6 Bxf6 10. Nd5 b5 11. axb5 axb5 12. Ba2 O-O 13. O-O g6 14. b4 Bg7 15. bxc5 dxc5 16. Ne3 Kh8 17. Bd5 Nb4 18. Ra7 Nxd5 19. Nxd5 b4 20. Rc7 Rb5 21. Qa1 Be6 22. Qa7 Bxd5 23. exd5 Qxd5 24. Rd7 Ra5 25. Qc7 Qa2 26. Ng5 Kg8 27. Nxf7 Raa8 28. Ng5 Bh6 29. Rxh7 Rac8 30. Rh8+ Kxh8 31. Qh7# 1-0

[Event "New York Winter Invitational IM-C 2022"]
[Site "New York"]
[Date "2022.01.16"]
[Round "5.3"]
[White "Dukic, Zachary"]
[Black "Uyanga, Byambaa"]
[Result "1-0"]
[ECO "B76"]
[WhiteElo "2140"]
[BlackElo "2063"]
[Annotator "RC"]
[PlyCount "38"]
[EventDate "2022.01.11"]
[EventType "tourn"]
[EventCountry "USA"]
[SourceTitle "playchess.com"]
[Source "ChessBase"]
[SourceQuality "1"]
[TimeControl "5400+30"]

1. e4 c5 2. Nf3 d6 3. d4 cxd4 4. Nxd4 Nf6 5. Nc3 g6 6. Be3 Bg7 7. f3 O-O 8. Qd2 Nc6 9. O-O-O d5 10. exd5 Nxd5 11. Nxc6 bxc6 12. Bd4 e5 13. Bc5 Be6 14. Ne4 Re8 15. h4 h6 16. h5 g5 17. g4 Nf4 18. Qd3 Qd7 19. Qxd7 Red8 1-0

[Event "New York Winter Invitational IM-C 2022"]
[Site "New York"]
[Date "2022.01.16"]
[Round "5.4"]
[White "Eckert, Doug"]
[Black "Yudasin, Leonid"]
[Result "1/2-1/2"]
[ECO "E15"]
[WhiteElo "2206"]
[BlackElo "2465"]
[Annotator "RC"]
[PlyCount "39"]
[EventDate "2022.01.11"]
[EventType "tourn"]
[EventCountry "USA"]
[SourceTitle "playchess.com"]
[Source "ChessBase"]
[SourceQuality "1"]
[TimeControl "5400+30"]

1. d4 Nf6 2. c4 e6 3. Nf3 b6 4. g3 Ba6 5. b3 d5 6. cxd5 exd5 7. Bg2 Bd6 8. O-O Nbd7 9. a3 O-O 10. Nc3 Re8 11. Re1 c6 12. Nh4 g6 13. Nf3 Bb7 14. Bg5 Be7 15. e4 Nxe4 16. Nxe4 dxe4 17. Rxe4 c5 18. Bxe7 Rxe7 19. Rxe7 Qxe7 20. dxc5 1/2-1/2